 Dungeon Crawl Stone Soup version 0.19-a0-583-g665d810 (webtiles) character file.

122 TheGoonsmith the Sneak (level 4, -3/21 HPs)
             Began as a Spriggan Enchanter on June 9, 2016.
             Killed from afar by an orc wizard (7 damage)
             ... with a magic dart
             ... on level 3 of the Dungeon.
             The game lasted 00:05:12 (3129 turns).

TheGoonsmith the Sneak (Spriggan Enchanter)         Turns: 3129, Time: 00:05:13

Health: -3/21      AC:  3    Str:  4    XL:     4   Next: 78%
Magic:  0/9        EV: 19    Int: 16    God:
Gold:   170        SH:  0    Dex: 17    Spells: 3 memorised, 2 levels left

rFire  . . .     SeeInvis +     a - +1 dagger
rCold  . . .     Gourm    .     b - +1 robe
rNeg   . . .     Faith    .     (shield restricted)
rPois  .         Spirit   .     (helmet restricted)
rElec  .         Dismiss  .     (no cloak)
rCorr  .         Reflect  .     (gloves unavailable)
SustAt .         Harm     .     (boots unavailable)
MR     .....                    (no amulet)
Stlth  ++++......               (no ring)
                                (no ring)

@: very quick, not resistant to hostile enchantments, stealthy
A: unfitting armour, see invisible, herbivore 3, speed 3, slow metabolism 2
a: no special abilities


You were on level 3 of the Dungeon.
You were near starving.

You visited 1 branch of the dungeon, and saw 3 of its levels.

You collected 170 gold pieces.

Inventory:

Hand Weapons
 a - a +1 dagger (weapon)
Missiles
 t - 12 poisoned needles
Armour
 b - a +1 robe (worn)
 v - a +0 buckler
Jewellery
 i - an uncursed amulet of faith {unknown}
Scrolls
 e - 2 scrolls of enchant weapon {unknown}
 f - 2 scrolls of immolation {unknown}
 h - 5 scrolls of remove curse {unknown}
 k - a scroll of noise {unknown}
 m - a scroll of magic mapping {unknown}
 o - 2 scrolls of identify {unknown}
 q - a scroll of recharging {unknown}
 w - a scroll of teleportation {unknown}
 x - a scroll of amnesia {unknown}
Potions
 g - a potion of resistance {unknown}
 j - a potion of heal wounds
 l - 2 potions of magic {unknown}
 p - a potion of cure mutation {unknown}
 r - a potion of might {unknown}
 s - a potion of berserk rage {unknown}
 u - a potion of brilliance {unknown}
Books
 c - a book of Maledictions

   Spells                             Type                      Level
   a - Corona                         Hexes                        1
   b - Ensorcelled Hibernation        Hexes/Ice                    2
   c - Confuse                        Hexes                        3
   d - Tukima's Dance                 Hexes                        3
   e - Dazzling Spray                 Conjuration/Hexes            3
Comestibles
 d - 2 bread rations
 n - 2 royal jellies


   Skills:
 * Level 3.8 Short Blades
 + Level 4.2 Dodging
 + Level 5.6 Stealth
 - Level 2.6 Spellcasting
 - Level 3.6 Hexes


You had 2 spell levels left.
You knew the following spells:

 Your Spells              Type           Power        Failure   Level  Hunger
a - Ensorcelled Hibernat  Hex/Ice        #.....       17%         2    ##.....
c - Confuse               Hex            ##......     14%         3    ###....
A - Corona                Hex            ##.....      6%          1    #......


Dungeon Overview and Level Annotations

Branches:
Dungeon (3/15)

Altars:


Innate Abilities, Weirdness & Mutations

You are tiny and cannot use many weapons and most armour.
You have supernaturally acute eyesight. (SInv)
You are a herbivore.
You cover ground extremely quickly.
You need consume almost no food.


Message History

You hit the kobold.
You kill the kobold!
Casting: Confuse
Confirm with . or Enter, or press ? or * to list all spells.
Aiming: Ensorcelled Hibernation
Press: ? - help, Shift-Dir - straight line, f/p - orc wizard
Aim: an orc wizard, wielding a dagger and wearing a robe (almost dead, chance to defeat MR: 38%)
The orc wizard resists with some effort.
You hit the orc wizard but do no damage.
The orc wizard is almost dead.
The orc wizard closely misses you.
Casting: Ensorcelled Hibernation
Confirm with . or Enter, or press ? or * to list all spells.
Aiming: Confuse
Press: ? - help, Shift-Dir - straight line, f/p - orc wizard
Aim: an orc wizard, wielding a dagger and wearing a robe (almost dead, chance to defeat MR: 44%)
The orc wizard resists with some effort.
The orc wizard casts a spell at you. The magic dart hits you!
You die...

.>. ..... ... ... ......oo.o #.#
#...# ##.. ..#.# ####o##
#.######.#.# .#.. .... #..$...
##.#....#.#.#.....#.. #......
...#....#.#.#..###.########.....)
##.................).............
####........#............#######.
..##........######.......##......
..##.........<..@o........)......
..##........#.####.......##......
......##....#.............#......
......##....#.###..######.#.....#
......##....#####.#### .####...
......#####..........# .# #...
..........#######.##....#.# ....
..#######.#######... .... ....
#### #.........#####....#


You could see an orc wizard.

Vanquished Creatures
  An orc wizard (D:3)
  3 adders
  A worm (D:2)
  A dart slug (D:2)
  2 giant geckos
  6 orcs (D:3)
  5 giant cockroaches
  2 goblins (D:2)
  2 hobgoblins
  2 jackals (D:2)
  8 kobolds
  13 bats
  7 giant newts
  3 rats (D:2)
56 creatures vanquished.

Notes
Turn   | Place    | Note
--------------------------------------------------------------
     0 | D:1      | TheGoonsmith the Spriggan Enchanter began the quest for the Orb.
     0 | D:1      | Reached XP level 1. HP: 9/9 MP: 5/5
   770 | D:2      | Reached XP level 2. HP: 6/13 MP: 6/6
   936 | D:2      | Learned a level 2 spell: Ensorcelled Hibernation
  1393 | D:2      | Reached XP level 3. HP: 16/16 MP: 8/8
  1531 | D:2      | Reached skill level 5 in Stealth
  2608 | D:3      | Reached XP level 4. HP: 21/21 MP: 6/9
  2613 | D:3      | Learned a level 3 spell: Confuse
  3129 | D:3      | Killed from afar by an orc wizard

Vault maps used:
D:1:      elethiomel_arrival_quiet
D:2:      wad_river_or_something
D:3:      fedhas_altar_3

Skill      XL: |  1  2  3  4 |
---------------+-------------+-----
Short Blades   | 2 3 |  3.8
Stealth        | 5 |  5.6
Dodging        | 4 |  4.2
Spellcasting   | |  2.6
Hexes          | |  3.6

Action                   |  1- 3 |  4- 6 || total
-------------------------+-------+-------++-------
Melee: Dagger            |   225 |    65 ||   290
 Cast: Ensorcelled Hiber |     5 |     4 ||     9
       Corona            |     1 |       ||     1
       Confuse           |       |     6 ||     6
  Use: Potion            |       |     1 ||     1
 Stab: Sleeping          |    24 |     5 ||    29
       Confused          |       |     1 ||     1
Armor: Robe              |    50 |     2 ||    52
Dodge: Dodged            |   272 |    57 ||   329
